 Dungeon Crawl Stone Soup version 0.30-a0-570-g486de37d69 (webtiles) character file.

Game seed: 3865300148008049346

159 ethan122 the Magician (level 5, -8/35 HPs)
             Began as a Djinni Fire Elementalist on Dec 29, 2022.
             Killed by nerve-wracking pain
             ... invoked by an orc priest
              (14 damage)
             ... on level 4 of the Dungeon.
             The game lasted 00:40:30 (1992 turns).

ethan122 the Magician (Djinni Fire Elementalist)    Turns: 1992, Time: 00:40:31

Health: -8/35      AC:  4    Str:  7    XL:     5   Next: 68%
Gold:   110        EV: 12    Int: 19    God:
                   SH:  0    Dex: 13

rFire   + + .      SeeInvis .    B - +0 dagger (venom)
rCold   x . .      Faith    .    (no shield)
rNeg    . . .      Spirit   .    a - +0 robe
rPois   ∞          Reflect  .    (no helmet)
rElec   .          Harm     .    (no cloak)
rCorr   .          Rampage  .    c - +1 Delatra's gloves {ID++}
Will    .....                    (boots unavailable)
Stlth   ++                       (no amulet)
HPRegen 0.25/turn                (no ring)
MPRegen 0.00/turn                (no ring)

@: flying
A: sickness immunity, fire resistance 2, cold vulnerability 1, float, innate
caster, HP casting, extra vitality 1
a: no special abilities


You were on level 4 of the Dungeon.
You visited 1 branch of the dungeon, and saw 4 of its levels.

You collected 110 gold pieces.

Inventory:

Hand Weapons
 p - a +0 short sword
 B - a +0 dagger of venom (weapon)
Missiles
 r - 6 poisoned darts
 u - 2 throwing nets
Armour
 a - a +0 robe (worn)
 c - the +1 Delatra's gloves (worn) {ID++}
   (You found it on level 3 of the Dungeon)

   It heals its wearer when they drink unknown potions.
   It restores its wearer's MP when they read unknown scrolls.
 l - a +0 leather armour
 o - a +0 robe
 q - a +0 scale mail
 A - a +0 leather armour
Wands
 y - a wand of flame (21)
Scrolls
 e - 2 scrolls of fear {unknown}
 f - a scroll of acquirement {unknown}
 g - a scroll of fog {unknown}
 i - 2 scrolls of amnesia {unknown}
 j - a scroll of butterflies {unknown}
 k - 3 scrolls of identify {unknown}
 s - a scroll of vulnerability {unknown}
 w - a scroll of enchant armour {unknown}
 C - a scroll of magic mapping {unknown}
Potions
 b - a potion of magic
 d - a potion of brilliance {unknown}
 h - 2 potions of invisibility {unknown}
 m - a potion of mutation {unknown}
 n - 3 potions of attraction {unknown}
 t - a potion of heal wounds {unknown}
 v - 2 potions of curing {unknown}
 x - 4 potions of cancellation {unknown}
 z - a potion of might {unknown}


   Skills:
 + Level 0.2 Short Blades
 + Level 3.0 Dodging
 + Level 2.0 Stealth
 + Level 4.1 Spellcasting


You couldn't memorise any spells.
You knew the following spells:

 Your Spells              Type           Power      Damage    Failure   Level
a - Foxfire               Conj/Fire      76%        2x1d7     2%          1
b - Scorch                Fire           38%        2d7       3%          2
c - Kindle Blastsparks    Fire/Tloc/Air  38%        2d13      8%          3
d - Inner Flame           Hex/Fire       19%        N/A       8%          3
e - Flame Wave            Conj/Fire      19%        2d7       24%         4
f - Freeze                Ice            76%        1d8       2%          1
g - Blink                 Tloc           38%        N/A       3%          2
Your spell library was empty.

Dungeon Overview and Level Annotations

Branches:
Dungeon (4/15)
 Temple: D:4-7

Altars:

Shops:
D:2 !


Innate Abilities, Weirdness & Mutations

You are immune to sickness and miasma.
You are immune to poison.
Your flesh is very heat resistant. (rF++)
You are vulnerable to cold. (rC-)
You float through the air rather than walking.
You learn spells naturally, not from books.
Your magical power is your life essence.
You have superior vitality. (+4 MHP)


Message History

Casting: Scorch (safe; 3% risk of failure)
Press: ? - help, Q - select action, (/) - cycle Dir - look around, f - activate Flames lash the orc priest.
The orc priest is heavily wounded.
The orc priest's fire resistance burns away.
The foxfire hits the orc priest but does no damage.
The orc priest is heavily wounded.
The foxfire hits the orc priest but does no damage.
The orc priest is heavily wounded.
The orc priest calls down the wrath of Beogh upon you.
Pain shoots through your body!
Casting: Foxfire (safe; 2% risk of failure)
Press: ? - help, Q - select action, (/) - cycle Dir - look around, f - activate You conjure some foxfire!
* * * LOW HITPOINT WARNING * * *
The orc priest miscasts a cantrip.
Casting: Scorch (safe; 3% risk of failure)
Press: ? - help, Q - select action, (/) - cycle Dir - look around, f - activate Flames lash the orc priest but do no damage.
* * * LOW HITPOINT WARNING * * *
The foxfire hits the orc priest but does no damage.
The orc priest is heavily wounded.
The foxfire hits the orc priest but does no damage.
The orc priest is heavily wounded.
The orc priest casts a cantrip, but nothing happens.
Press: ? - help, v - describe, . - travel
Here: an orc priest, wielding a +0 dagger and wearing a +0 ring mail (heavily wounded, more vulnerable to fire)
The floor.
An orc priest is nearby!
Unknown command.
Unknown command.
Okay, then.
Aiming: Inner Flame (dangerous; 8% risk of failure)
Press: ? - help, Q - select action, (/) - cycle Dir - move target, f/p - orc priest
Aim: an orc priest, wielding a +0 dagger and wearing a +0 ring mail (heavily wounded, more vulnerable to fire, chance to affect: 74%)
The orc priest is filled with an inner flame.
* * * LOW HITPOINT WARNING * * *
The orc priest invokes the aid of Beogh against you.
Pain shoots through your body!
You die...

##.>......##
#..........#
#....).....#
#....).....#
#..........#.
###...)>o......
............#
#..@§..#
###§...#
###.....#
..##.# ... .
#... .... ###


You could see an orc priest (inner flame, combustible).

Vanquished Creatures
  An orc wizard (D:4)
  Ijyb (D:2)
  3 adders
  2 worms (D:2)
  2 dart slugs
  3 orcs (D:4)
  4 bats
  8 endoplasms
  2 giant cockroaches
  6 hobgoblins
  3 jackals
  A quokka (D:3)
  5 ball pythons
  A frilled lizard (D:1)
  8 goblins
  8 kobolds
  9 rats
67 creatures vanquished.

Vanquished Creatures (others)
  144 foxfires
144 creatures vanquished.

Grand Total: 211 creatures vanquished

Notes
Turn   | Place    | Note
-------+----------+-------------------------------------------
     0 | D:1      | ethan122 the Djinni Fire Elementalist began the quest for
                  | the Orb.
     0 | D:1      | ethan122 set off with the following spells memorised:
                  | Foxfire, Scorch, Kindle Blastsparks, Inner Flame, Flame
                  | Wave.
     0 | D:1      | Reached XP level 1. HP: 15/15 MP: 0/0
   146 | D:1      | Reached XP level 2. HP: 21/21 MP: 0/0
   225 | D:1      | Got the Compilation of Meteoric Curses
   472 | D:1      | Reached XP level 3. HP: 24/25 MP: 0/0
   472 | D:1      | Learned a level 1 spell: Freeze
   632 | D:2      | Found Tefes's Distillery.
   654 | D:2      | Reached skill level 3 in Spellcasting
   929 | D:2      | Reached XP level 4. HP: 29/31 MP: 0/0
  1009 | D:2      | Found a faded altar of an unknown god.
  1119 | D:2      | Noticed Ijyb
  1129 | D:2      | Killed Ijyb
  1130 | D:2      | Reached XP level 5. HP: 20/35 MP: 0/0
  1130 | D:2      | Learned a level 2 spell: Blink
  1339 | D:3      | Found the +1 Delatra's gloves {ID++}
  1988 | D:4      | Reached skill level 4 in Spellcasting
  1992 | D:4      | Killed from afar by an orc priest

Illustrated notes

Levels and vault maps discovered:
D:1:      amcnicky_arrival_choice, layout_rooms
D:2:      kennysheep_the_goblin_king, layout_rooms, serial_shops, shop,
          ebering_ecumenical_altar_webs
D:3:      layout_basic
D:4:      layout_rooms, gup_sewer_entry_bubbles

Skill      XL: |  1  2  3  4  5 |
---------------+----------------+-----
Spellcasting   | 3 4 |  4.1
Dodging        | 3 |  3.0
Stealth        | 2 |  2.0
Short Blades   | |  0.2

Action                   |  1- 3 |  4- 6 || total
-------------------------+-------+-------++-------
Melee: Dagger            |     9 |     1 ||    10
 Cast: Foxfire           |    45 |    38 ||    83
       Scorch            |     8 |    16 ||    24
       Freeze            |       |     1 ||     1
       Blink             |       |     1 ||     1
       Inner Flame       |       |     1 ||     1
Armor: Robe              |     5 |     2 ||     7
Dodge: Dodged            |    12 |    13 ||    25

Table legend: (Time is in decaauts)
 A = Elapsed time spent in this place.
 B = Non-inter-level travel time spent in this place.
 C = Inter-level travel time spent in this place.
 D = Time resting spent in this place.
 E = Time spent auto-exploring this place.
 F = Levels seen in this place.
 G = Mean time per level.
                   A        B        C        D        E       F      G
               +--------+--------+--------+--------+--------+-----+--------+
         Total |   1990 |   1990 |      0 |    182 |     13 |   4 |  497.5 |
       Dungeon |   1990 |   1990 |      0 |    182 |     13 |   4 |  497.5 |
               +--------+--------+--------+--------+--------+-----+--------+

Top non-repeatable levels by time:
     D:2: 691 daAuts
     D:3: 652 daAuts
     D:1: 631 daAuts
     D:4: 15 daAuts
